 Dungeon Crawl Stone Soup version 0.20.0-10-g0535bb4 (webtiles) character file.

147815 TID the Ripper (level 16, -12/65 HPs)
             Began as a Felid Monk on June 6, 2017.
             Was a Believer of Uskayaw.
             Mangled by a vault warden
             ... wielding a +1 great sword of electrocution
              (20 damage)
             ... on level 1 of the Vaults.
             The game lasted 04:29:15 (50060 turns).

TID the Ripper (Felid Monk)                        Turns: 50060, Time: 04:29:16

Health: -12/65     AC:  3    Str:  5    XL:     16   Next: 63%
Magic:  31/33      EV: 32    Int: 22    God:    Uskayaw [**....]
Gold:   1462       SH:  0    Dex: 18    Spells: 4/39 levels left
                                        Lives:  0   Deaths: 4

rFire    + . .     SeeInvis +     - Unarmed
rCold    + . .     Gourm    .   (shield unavailable)
rNeg     . . .     Faith    +   (armour unavailable)
rPois    +         Spirit   .   (helmet unavailable)
rElec    .         Reflect  .   (cloak unavailable)
rCorr    .         Harm     .   (gloves unavailable)
MR       ++...                  (boots unavailable)
Stlth    ++++++....             f - amulet of faith
Regen    1.2/turn               I - +3 ring of intelligence
MPRegen  0.3/turn               Y - +3 ring of slaying

@: confusing touch, regenerating, studying Air Magic, quick
A: no armour, no weapons or thrown items, stealth, claws 1, fangs 3, horns 1,
see invisible, carnivore 3, fire resistance 1, speed 1, frail 1, poison
resistance, shaggy fur 3, slow metabolism 1, weak 1, wild magic 1, sharp paws
}: 1/15 runes: gossamer
a: Stomp, Line Pass, Renounce Religion


You were on level 1 of the Vaults.
You worshipped Uskayaw.
Uskayaw was aware of your devotion.
You were completely stuffed.

You visited 7 branches of the dungeon, and saw 32 of its levels.
You also visited: Ice Cave and Volcano.

You collected 3153 gold pieces.
You spent 1691 gold pieces at shops.

Inventory:

Missiles
 n - 484 arrows
Jewellery
 f - an amulet of faith (around neck)
 t - an uncursed ring of protection from fire
 D - an uncursed ring of protection from cold
 H - an uncursed ring of protection from magic
 I - a +3 ring of intelligence (left paw)
 K - an uncursed ring of resist corrosion
 T - an uncursed amulet of rage
 W - an uncursed ring of wizardry
 Y - a +3 ring of slaying (right paw)
Wands
 c - a wand of confusion (20/48)
 d - a wand of lightning (14/15)
 e - a wand of lightning (10/15)
 p - a wand of paralysis (12/24)
 u - a wand of flame (6/48)
 x - a wand of iceblast (9/15)
 y - a wand of iceblast (4/15)
 z - a wand of flame (3/48)
 B - a wand of confusion (14/48)
 E - a wand of scattershot (7/9)
 G - a wand of confusion (30/48)
 L - a wand of acid (8/15)
 M - a wand of lightning (9/15)
 N - a wand of confusion (32/48)
 X - a wand of confusion (40/48)
 Z - a wand of paralysis (7/24)
Scrolls
 g - a scroll of recharging
 h - 7 scrolls of teleportation
 i - 5 scrolls of identify
 m - 3 scrolls of fear
 r - 10 scrolls of remove curse
 s - 6 scrolls of amnesia
 v - 2 scrolls of fog
 F - 9 scrolls of magic mapping
 U - a scroll of vulnerability
Potions
 b - 2 potions of magic
 k - a potion of resistance
 l - 6 potions of brilliance
 o - a potion of curing
 q - 2 potions of berserk rage {!q}
 A - 7 potions of ambrosia
 C - 3 potions of agility
 O - 6 potions of haste
 P - 2 potions of flight
 R - 2 potions of might
 S - 3 potions of lignification
Books
 w - a manual of Air Magic
 V - a book of Burglary

   Spells                             Type                      Level
   a - Swiftness                      Charms/Air                   2
   b - Passwall                       Transmutation/Earth          2
   c - Passage of Golubria            Translocation                4
   d - Lee's Rapid Deconstruction     Earth                        5
   e - Darkness                       Hexes                        6
   f - Invisibility                   Hexes                        6
Miscellaneous
 J - a fan of gales
Comestibles
 a - 14 meat rations
 j - 11 chunks of flesh


   Skills:
 - Level 10.5 Fighting
 - Level 15.4 Dodging
 + Level 14.9 Stealth
 * Level 15.5 Unarmed Combat
 - Level 12.2 Spellcasting
 - Level 2.3 Conjurations
 - Level 13.2 Hexes
 - Level 3.4 Charms
 - Level 2.8 Necromancy
 - Level 11.3 Translocations
 - Level 8.8 Transmutations
   Level 1.3 Ice Magic
 - Level 10.1 Invocations
 - Level 8.1 Evocations


You had 4 spell levels left.
You knew the following spells:

 Your Spells              Type           Power        Failure   Level  Hunger
a - Apportation           Tloc           ######       1%          1    None
b - Blink                 Tloc           N/A          1%          2    None
d - Dazzling Spray        Conj/Hex       ######       1%          3    None
h - Blade Hands           Tmut           ######....   5%          5    ####...
k - Sticks to Snakes      Tmut           ######..     1%          2    None
n - Animate Skeleton      Necr           N/A          3%          1    None
r - Regeneration          Chrm/Necr      #####.....   7%          3    None
t - Confusing Touch       Hex            ######       1%          1    None
w - Passwall              Tmut/Erth      #####.....   2%          2    None
z - Corona                Hex            #######      1%          1    None
F - Cause Fear            Hex            #######...   1%          4    None
N - Invisibility          Hex            #######.     5%          6    #####..
P - Passage of Golubria   Tloc           N/A          1%          4    None


Dungeon Overview and Level Annotations

Branches:
Dungeon (15/15)            Temple (1/1) D:6            Lair (6/6) D:8
  Swamp (2/4) Lair:4       Spider (4/4) Lair:3        Slime (0/5) Lair:6
    Orc (2/2) D:9             Elf (0/3) Orc:2        Vaults (2/5) D:14
 Depths (0/5) D:15
  Crypt: Vaults:2-3

Altars:
Ashenzari
Cheibriados
Dithmenos
Elyvilon
Fedhas
Gozag
Hepliaklqana
Kikubaaqudgha
Makhleb
Nemelex Xobeh
Okawaru
Qazlal
Ru
Sif Muna
Trog
Uskayaw
Vehumet
Xom
Yredelemnul
The Shining One
Beogh
Lugonu

Shops:
D:5 [   D:6 %   D:9 =   D:12 !   D:13 ?   D:14 *:%   Orc:1 ?   Orc:2 *[(

Annotations:
D:12 exclusions: death knight, freezing wraith, skeletal warrior and wraith
Spider:1 exclusion: electric eel
Spider:4 not fully explored


Innate Abilities, Weirdness & Mutations

You cannot wear armour.
You are incapable of wielding weapons or throwing items.
Your paws allow you to move quietly. (Stealth)
You have sharp claws.
You have razor-sharp teeth.
You have supernaturally acute eyesight. (SInv)
You are carnivorous and can eat meat at any time.
You cover ground quickly.
Your thick and shaggy fur keeps you warm. (AC +3, rC+)
You have a slow metabolism.
Your sharp claws are effective at attacking unaware monsters.
You have a pair of small horns on your head.
Your flesh is heat resistant. (rF+)
You are frail. (-10% HP)
Your system is resistant to poisons. (rPois)
You are weak. (Str -2)
Your spells are a little harder to cast, but a little more powerful.


Message History

The vault warden activates a sealing rune.
The deep troll completely misses you. x3
You claw the deep troll!
The deep troll is moderately wounded.
The deep troll misses you.
The deep troll completely misses you. x2
You can now pass through a line of other dancers.
Items here: )))) [[[
Casting: Confusing Touch
Confirm with . or Enter, or press ? or * to list all spells.
Your paws begin to glow red.
The vault warden hits you with a great sword of electrocution!!
* * * LOW HITPOINT WARNING * * *
You are electrocuted!
* * * LOW HITPOINT WARNING * * *
That door is sealed shut!
You feel better.
The vault warden hits you with a great sword of electrocution.
* * * LOW HITPOINT WARNING * * *
You are electrocuted!
You die...

..............((.............#
#)
........)......(..ZZ.....)...#
##
...................Z.Z.......#
################Z#############
# ###.# #.# ## ###...# #...#
.## ####.....###.....# ..##
#.....Z###.....# ...#
#......+@pT>...+ ...#
#......###.....# ...# ####....
###.....# ..## ###.. ##...#
.## ###. ##.# ## # # #


You could see a vault warden and a deep troll.

Vanquished Creatures
  Arachne (Spider:3)
  Frances (Spider:1)
  Agnes (D:15)
  A fire giant (Vaults:1)
  An orc warlord (Orc:2)
  2 vault wardens
  A frost giant (IceCv)
  4 emperor scorpions
  The ghost of Toogi the Fighter, a journeyman DrTm of Trog (Orc:2)
  2 ghost moths
  An ironheart preserver (Vaults:2)
  5 entropy weavers
  3 spark wasps
  Snorg (D:11)
  A fire dragon (Lair:6)
  3 yaktaur captains (Vaults:1)
  2 ogre magi
  Harold (Lair:2)
  2 vault guards
  3 alligators (Swamp:2)
  11 hydras
  7 death yaks
  2 dancing weapons (D:14)
  12 two-headed ogres
  2 centaur warriors
  A deep troll earth mage (Vaults:1)
  4 orc high priests (Orc:2)
  4 tengu warriors
  The ghost of wewlad1 the Grappler, a novice TrMo of Okawaru (D:8)
  A hell knight (Volcano)
  Urug (D:11)
  A deep elf knight (Vaults:1)
  4 spriggans
  2 unseen horrors
  A salamander mystic (Volcano)
  A spriggan druid (Swamp:2)
  2 deep trolls (Vaults:1)
  A glowing orange brain (D:15)
  A swamp dragon (Swamp:1)
  5 ironbrand convokers (Vaults:1)
  4 orc knights
  A deep elf archer (Vaults:1)
  Pikel (D:9)
  16 deep elf magi
  A phantasmal warrior (Swamp:2)
  11 orb spiders
  An orb spider (shapeshifter) (D:15)
  8 ugly things
  23 wolf spiders
  5 cyclopes
  4 salamanders (Volcano)
  3 moths of wrath
  9 elephants
  A black mamba (shapeshifter) (D:15)
  Maurice (D:12)
  6 torpor snails
  Joseph (D:9)
  Psyche (D:10)
  5 molten gargoyles
  6 black mambas
  An ice statue (IceCv)
  The ghost of Zigma the Ruffian, a novice DrMo (D:6)
  4 vault sentinels (Vaults:1)
  2 gargoyles
  17 spiny frogs
  A rime drake (shapeshifter) (D:15)
  5 kobold demonologists
  6 komodo dragons
  2 freezing wraiths
  A rime drake (Lair:1)
  7 yaktaurs
  10 demonic crawlers
  4 meliai
  8 trolls
  A hornet (shapeshifter) (D:14)
  A tengu conjurer (D:15)
  14 polar bears
  A queen bee (Lair:2)
  14 blink frogs
  32 jumping spiders
  2 tyrant leeches
  16 hornets
  A blink frog (shapeshifter) (D:15)
  4 bog bodies
  37 slime creatures
  A dream sheep (shapeshifter) (D:15)
  A hippogriff (shapeshifter) (D:15)
  9 hippogriffs
  A meliai zombie (D:14)
  A water elemental (Orc:2)
  8 wyverns
  2 wraiths
  75 yaks
  2 fire bats (Volcano)
  2 shadows
  51 redbacks
  Sigmund (D:4)
  26 tarantellas
  9 basilisks
  2 hungry ghosts
  3 steam dragons
  10 vampire mosquitoes
  6 wargs
  5 swamp worms (Swamp:1)
  11 water moccasins
  4 hell hounds
  12 porcupines
  12 ice beasts
  A hornet zombie (D:7)
  3 swamp drakes
  2 black bears
  3 sky beasts
  45 orc warriors
  3 boggarts (Vaults:2)
  2 phantoms
  3 slaves
  19 ogres
  An eye of draining (D:12)
  40 wolves
  7 centaurs
  12 crocodiles
  12 bullfrogs
  6 big kobolds
  Blork the orc (D:4)
  7 scorpions
  A water moccasin skeleton (D:4)
  A water moccasin zombie (D:12)
  A scorpion (shapeshifter) (D:15)
  49 killer bees
  16 wights
  5 howler monkeys
  2 electric eels
  3 bullfrog zombies
  9 crimson imps
  10 lava snakes
  A quasit (D:7)
  3 centaur zombies
  2 jellies
  28 orc priests
  6 centaur skeletons
  A gnoll shaman (Orc:2)
  3 hounds
  An iron imp (Orc:1)
  40 orc wizards
  Ijyb (D:3)
  An iguana (D:8)
  5 worker ants
  A killer bee zombie (D:9)
  A hound zombie (D:9)
  3 hound skeletons
  8 gnolls
  A river rat (Lair:5)
  20 adders
  5 shadow imps
  A white imp (Orc:1)
  An ooze (D:2)
  2 adder zombies
  An adder skeleton (D:6)
  4 worms
  3 dart slugs
  13 leopard geckos
  133 orcs
  4 ball pythons
  3 giant cockroaches
  8 goblins
  10 hobgoblins
  6 jackals
  6 quokkas
  9 bats
  5 frilled lizards
  20 kobolds
  A leopard gecko skeleton (D:4)
  A leopard gecko zombie (D:6)
  A quokka skeleton (D:4)
  9 rats
  2 fungi
1293 creatures vanquished.

Vanquished Creatures (collateral kills)
  An ironheart preserver (Vaults:1)
  A hydra (Lair:3)
  2 two-headed ogres
  A deep troll (Vaults:1)
  A deep elf mage (Vaults:1)
  A lindwurm (Lair:6)
  2 ugly things
  A centaur zombie (D:15)
  3 black mambas
  A gargoyle (D:15)
  A komodo dragon (Lair:5)
  2 rime drakes
  3 yaktaurs
  A polar bear (IceCv)
  2 meliai (Lair:5)
  A queen bee (Lair:5)
  A hornet (Swamp:2)
  3 blink frogs
  5 dream sheep (Lair:6)
  An alligator zombie (Swamp:2)
  A hippogriff (Lair:5)
  2 yaks (D:11)
  2 basilisks (Lair:5)
  A hungry ghost (D:10)
  2 water moccasins (Lair:2)
  3 porcupines
  An ice beast (Lair:2)
  2 hell hounds (Lair:6)
  A necrophage (D:10)
  2 wolves
  A centaur (D:15)
  A crocodile (Lair:4)
  2 bullfrogs
  A spriggan zombie (Swamp:2)
  3 scorpions
  8 killer bees (Lair:5)
  2 howler monkeys
  A lava snake (Lair:6)
  A quasit (D:10)
  2 orc wizards
  A worker ant (Lair:3)
  A hound skeleton (D:9)
  An adder (D:7)
  A worm (Lair:3)
  5 orcs
  A giant cockroach (D:7)
  5 fungi
  4 plants
92 creatures vanquished.

Vanquished Creatures (others)
  A hydra (D:13)
  A deep elf knight (Vaults:1)
  A yaktaur (D:15)
  A jumping spider (Spider:4)
  An orc warrior (D:13)
  A wolf (IceCv)
  A centaur (D:13)
  A bullfrog (D:13)
  An orc priest (Orc:2)
  A worker ant zombie (D:5)
  2 orcs (Orc:2)
  4 briar patches (Swamp:2)
  2 bushes (D:8)
  18 fungi
  29 plants
65 creatures vanquished.

Grand Total: 1450 creatures vanquished

Notes
Turn   | Place    | Note
-------+----------+-------------------------------------------
     0 | D:1      | TID the Felid Monk began the quest for the Orb.
     0 | D:1      | Reached XP level 1. HP: 10/10 MP: 2/2
   638 | D:1      | Reached XP level 2. HP: 14/14 MP: 3/3
  1552 | D:1      | Reached XP level 3. HP: 17/17 MP: 4/4
  2417 | D:2      | Reached XP level 4. HP: 21/21 MP: 5/5
  2740 | D:2      | Learned a level 1 spell: Confusing Touch
  2810 | D:2      | Reached skill level 1 in Hexes
  3455 | D:2      | Learned a level 1 spell: Animate Skeleton
  3510 | D:3      | Noticed Ijyb
  3555 | D:2      | Reached XP level 5. HP: 24/24 MP: 4/6
  3614 | D:4      | Reached skill level 5 in Unarmed Combat
  3669 | D:4      | Noticed Sigmund
  3672 | D:4      | Killed Sigmund
  3672 | D:4      | Gained mutation: You are covered in thick fur. (AC +2) [Felid growth]
  3672 | D:4      | Reached XP level 6. HP: 28/28 MP: 7/7
  3906 | D:4      | Noticed Blork the orc
  3909 | D:4      | Killed Blork the orc
  3909 | D:4      | Reached XP level 7. HP: 31/31 MP: 8/8
  4524 | D:4      | Found a shadowy altar of Dithmenos.
  4652 | D:3      | Found a stormy altar of Qazlal.
  5224 | D:3      | Killed Ijyb
  5224 | D:3      | Reached skill level 5 in Dodging
  5230 | D:3      | phew, Ijyb had a wand of acid
  5614 | D:5      | Entered Level 5 of the Dungeon
  5614 | D:5      | Found Morghis's Antique Armour Shop.
  5815 | D:5      | Found an ancient bone altar of Kikubaaqudgha.
  5818 | D:5      | Found a white marble altar of Elyvilon.
  5821 | D:5      | Found a sacrificial altar of Ru.
  5977 | D:5      | Reached XP level 8. HP: 34/34 MP: 7/9
  6141 | D:5      | Found a radiant altar of Vehumet.
  6291 | D:5      | Found a deep blue altar of Sif Muna.
  6712 | D:6      | Noticed Zigma's ghost (novice DrMo)
  6712 | D:6      | Found a staircase to the Ecumenical Temple.
  7104 | D:6      | Killed Zigma's ghost
  7160 | Temple   | Entered the Ecumenical Temple
  7195 | Temple   | Became a worshipper of Uskayaw the Reveler
  7195 | Temple   | Reached * piety under Uskayaw
  7216 | D:6      | Reached ** piety under Uskayaw
  7218 | D:6      | Reached skill level 1 in Evocations
  7298 | D:6      | Found a sparkling altar of Nemelex Xobeh.
  7371 | D:6      | Found Koucumy's Food Shoppe.
  7494 | D:6      | Found a burning altar of Makhleb.
  7494 | D:6      | Found a shimmering altar of Xom.
  8446 | D:7      | Reached XP level 9. HP: 36/37 MP: 13/13
  8476 | D:7      | Reached skill level 5 in Evocations
  8550 | D:7      | Reached *** piety under Uskayaw
  8551 | D:7      | Reached **** piety under Uskayaw
  8975 | D:7      | Noticed a purple ugly thing
  9198 | D:7      | Noticed a cyclops
  9200 | D:7      | Hit by a large rock thrown by a cyclops
  9201 | D:7      | Reached XP level 8. HP: -7/36 MP: 13/13
  9247 | D:7      | Killed a cyclops
  9327 | D:7      | Killed a cyan ugly thing
  9327 | D:7      | Reached skill level 5 in Fighting
  9327 | D:7      | Reached XP level 9. HP: 10/40 MP: 11/15
  9413 | D:7      | Slain by an ogre
  9414 | D:7      | Reached XP level 8. HP: -1/37 MP: 14/14
  9503 | D:8      | Found a staircase to the Lair.
  9667 | D:8      | Found an opulent altar of Gozag.
  9722 | D:8      | Noticed wewlad1's ghost (novice TrMo)
  9747 | D:8      | Killed wewlad1's ghost
  9747 | D:8      | Reached XP level 9. HP: 38/40 MP: 15/15
  9943 | D:8      | Reached skill level 10 in Stealth
 10022 | D:8      | Reached skill level 10 in Unarmed Combat
 10865 | D:8      | Learned a level 1 spell: Beastly Appendage
 10868 | D:8      | Learned a level 2 spell: Sticks to Snakes
 11067 | D:8      | Reached skill level 1 in Transmutations
 11068 | D:8      | Noticed a troll
 11232 | D:8      | Reached skill level 1 in Spellcasting
 11289 | D:8      | Noticed a purple ugly thing
 11338 | D:8      | Killed a purple ugly thing
 11338 | D:8      | Reached XP level 10. HP: 24/44 MP: 16/16
 11619 | D:8      | Reached skill level 1 in Necromancy
 11887 | D:8      | Noticed a two-headed ogre
 11902 | D:8      | Killed a two-headed ogre
 11934 | D:9      | Noticed Pikel
 11950 | D:8      | Noticed a two-headed ogre
 11964 | D:8      | Killed a two-headed ogre
 12053 | D:9      | Found Wioj's Jewellery Shoppe.
 12103 | D:8      | Reached skill level 5 in Hexes
 12239 | Lair:1   | Entered Level 1 of the Lair of Beasts
 12326 | Lair:1   | Noticed a spiny frog
 12353 | Lair:1   | Reached skill level 1 in Invocations
 12439 | Lair:1   | Noticed a black mamba
 12583 | Lair:1   | Killed a black mamba
 13039 | Lair:1   | Reached XP level 11. HP: 47/48 MP: 15/17
 13090 | Lair:1   | Learned a level 3 spell: Regeneration
 13250 | Lair:1   | Reached skill level 5 in Invocations
 13254 | Lair:1   | Reached ***** piety under Uskayaw
 13255 | Lair:1   | Reached skill level 1 in Charms
 13775 | Lair:2   | Learned a level 1 spell: Apportation
 13885 | Lair:2   | Noticed Harold
 13956 | Lair:2   | Reached skill level 5 in Transmutations
 13986 | Lair:2   | Killed Harold
 13998 | Lair:2   | Learned a level 4 spell: Ice Form
 14123 | Lair:2   | Found a frozen archway.
 14132 | IceCv    | Entered an ice cave
 14154 | IceCv    | Reached skill level 1 in Ice Magic
 14651 | IceCv    | Learned a level 5 spell: Blade Hands
 15164 | IceCv    | Noticed a death yak
 15168 | IceCv    | Reached skill level 10 in Dodging
 15168 | IceCv    | Gained mutation: Your thick and shaggy fur keeps you warm. (AC +3, rC+) [Felid growth]
 15168 | IceCv    | Reached XP level 12. HP: 52/52 MP: 14/19
 15388 | IceCv    | Killed a death yak
 15512 | IceCv    | Noticed a frost giant
 15655 | IceCv    | Killed a frost giant
 15859 | Lair:2   | Noticed a six-headed hydra
 15869 | Lair:2   | Killed a six-headed hydra
 16381 | D:9      | Noticed Joseph
 16820 | D:9      | Killed Pikel
 17272 | D:9      | Found a staircase to the Orcish Mines.
 17351 | D:9      | Killed Joseph
 18168 | D:10     | Entered Level 10 of the Dungeon
 18170 | D:10     | Found a basalt altar of Yredelemnul.
 18172 | D:10     | Noticed Psyche
 18182 | D:10     | Killed Psyche
 19060 | D:11     | Learned a level 1 spell: Corona
 19136 | D:11     | Noticed Snorg
 19202 | D:11     | Noticed a two-headed ogre
 19216 | D:11     | Killed a two-headed ogre
 19216 | D:11     | Reached XP level 13. HP: 30/57 MP: 18/21
 19386 | D:11     | Killed Snorg
 19386 | D:11     | Reached skill level 5 in Spellcasting
 19686 | D:11     | Noticed Urug
 19807 | D:11     | Found a glowing golden altar of the Shining One.
 19953 | D:12     | Noticed Maurice
 19963 | D:12     | Killed Maurice
 20219 | D:12     | Reached skill level 1 in Translocations
 20504 | D:12     | Found Wuff's Distillery.
 20514 | D:12     | Bought a potion of might for 56 gold pieces
 21446 | Lair:3   | Found a hole to the Spider Nest.
 22516 | Lair:4   | Reached XP level 14. HP: 63/63 MP: 23/25
 22863 | Lair:4   | Found a staircase to the Swamp.
 23125 | Lair:4   | Learned a level 4 spell: Cause Fear
 23371 | Lair:6   | Entered Level 6 of the Lair of Beasts
 24307 | Lair:5   | Learned a level 6 spell: Invisibility
 24310 | Lair:5   | Learned a level 2 spell: Passwall
 24438 | Lair:5   | Reached skill level 10 in Hexes
 25006 | Lair:6   | Found a staircase to the Slime Pits.
 25883 | Lair:6   | Found a large runed door.
 26092 | Lair:6   | Found a large runed door.
 26740 | Lair:2   | Reached ****** piety under Uskayaw
 26903 | D:7      | Found a runed door.
 26915 | D:7      | Reached XP level 15. HP: 67/67 MP: 23/26
 27112 | D:11     | You fall through a shaft for 3 floors!
 27331 | D:11     | Killed Urug
 27677 | D:13     | Found Ysemid's Magic Scroll Emporium.
 28409 | D:13     | Bought a scroll of magic mapping for 49 gold pieces
 28409 | D:13     | Bought a scroll of identify for 28 gold pieces
 28409 | D:13     | Bought a scroll of magic mapping for 49 gold pieces
 28409 | D:13     | Bought a scroll of fog for 28 gold pieces
 28485 | D:14     | Found a gate to the Vaults.
 28982 | D:14     | Found Deruggutz's General Store.
 28993 | D:14     | Bought a scroll of teleportation for 45 gold pieces
 29077 | D:14     | Found Gaduer's Armour Shoppe.
 29202 | D:14     | Found Ufialuet's Book Emporium.
 29299 | D:14     | Found Adajimp's Food Shoppe.
 29779 | D:15     | Entered Level 15 of the Dungeon
 29800 | D:15     | Noticed Agnes
 29811 | D:15     | Killed Agnes
 31498 | D:15     | Reached skill level 10 in Fighting
 31895 | D:15     | Learned a level 3 spell: Dazzling Spray
 32065 | D:15     | Found a staircase to the Depths.
 32255 | Orc:1    | Entered Level 1 of the Orcish Mines
 32255 | Orc:1    | Found a roughly hewn altar of Beogh.
 32264 | Orc:1    | Found Yckibbih's Magic Scroll Shop.
 32431 | Orc:1    | Bought a scroll of identify for 32 gold pieces
 32431 | Orc:1    | Bought 2 scrolls of identify for 64 gold pieces
 32431 | Orc:1    | Bought a scroll of magic mapping for 56 gold pieces
 32431 | Orc:1    | Bought a scroll of identify for 32 gold pieces
 32431 | Orc:1    | Bought a scroll of identify for 32 gold pieces
 32966 | Orc:1    | Reached skill level 1 in Conjurations
 33239 | Orc:2    | Entered Level 2 of the Orcish Mines
 33286 | Orc:2    | Found a staircase to the Elven Halls.
 33302 | Orc:2    | Found a dark tunnel.
 33428 | Volcano  | Entered a volcano
 33647 | Volcano  | Found a radiant altar of Vehumet.
 33853 | Orc:2    | Found a roughly hewn altar of Beogh.
 33991 | Orc:2    | Found Seuloeg's Assorted Antiques.
 34015 | Orc:2    | Bought a scroll labeled JOBOKE OMIE for 26 gold pieces
 34167 | Orc:2    | Found a roughly hewn altar of Beogh.
 34277 | Orc:2    | Reached skill level 10 in Invocations
 34290 | Orc:2    | Reached XP level 16. HP: 30/73 MP: 26/29
 34546 | Orc:2    | Found a roughly hewn altar of Beogh.
 34733 | Orc:2    | Noticed Toogi's ghost (journeyman DrTm)
 34754 | Orc:2    | Killed Toogi's ghost
 34965 | Orc:2    | Found a roughly hewn altar of Beogh.
 35352 | Orc:2    | Found a roughly hewn altar of Beogh.
 35543 | Orc:2    | Found a roughly hewn altar of Beogh.
 35543 | Orc:2    | Found Guehua's Magic Scroll Shop.
 36623 | Orc:2    | Learned a level 4 spell: Passage of Golubria
 37045 | Orc:2    | Reached skill level 5 in Translocations
 37052 | Orc:2    | Found Cupp's Antique Armour Emporium.
 37052 | Orc:2    | Found a roughly hewn altar of Beogh.
 37059 | Orc:2    | Found Iheow's Antique Weapon Shoppe.
 37267 | Spider:1 | Entered Level 1 of the Spider Nest
 37268 | Spider:1 | Noticed Frances
 37456 | Swamp:1  | Entered Level 1 of the Swamp
 38648 | Spider:1 | Killed Frances
 40084 | D:9      | Bought an uncursed ring of resist corrosion for 340 gold pieces
 40256 | Spider:1 | Slain by an entropy weaver
 40257 | Spider:1 | Reached XP level 15. HP: 0/69 MP: 18/29
 40419 | Swamp:2  | Noticed a thorn hunter
 40756 | Swamp:2  | Reached skill level 15 in Dodging
 42486 | Spider:2 | Reached XP level 16. HP: 19/73 MP: 20/30
 42927 | Spider:2 | Reached skill level 10 in Spellcasting
 43458 | Spider:3 | Noticed Arachne
 43498 | Spider:3 | Killed Arachne
 44056 | D:12     | Bought a potion of curing for 42 gold pieces
 44056 | D:12     | Bought 2 potions of haste for 280 gold pieces
 44056 | D:12     | Bought a potion of haste for 140 gold pieces
 44056 | D:12     | Bought a potion of curing for 42 gold pieces
 44056 | D:12     | Bought a potion of flight for 42 gold pieces
 44056 | D:12     | Bought 2 potions of curing for 84 gold pieces
 44056 | D:12     | Bought a potion of cancellation for 112 gold pieces
 44056 | D:12     | Bought a potion of mutation for 112 gold pieces
 44056 | D:12     | Gained mutation: You are partially covered in slimy green scales. (AC +2) [potion of mutation]
 44056 | D:12     | Gained mutation: Your body sometimes deteriorates upon taking damage. [potion of mutation]
 44056 | D:12     | Gained mutation: You are clumsy. (Dex -2) [potion of mutation]
 44056 | D:12     | Gained mutation: Your system is resistant to poisons. (rPois) [potion of mutation]
 44187 | Lair:1   | Learned a level 2 spell: Blink
 44671 | Spider:3 | Reached skill level 10 in Translocations
 45374 | Spider:4 | Entered Level 4 of the Spider Nest
 46787 | Spider:4 | Slain by a spark wasp
 46788 | Spider:4 | Reached XP level 15. HP: -5/70 MP: 28/31
 47143 | Spider:4 | Noticed a ghost moth
 47147 | Spider:4 | Killed a ghost moth
 47166 | Spider:4 | Got a gossamer rune of Zot
 47183 | Spider:4 | not fully explored
 47318 | Lair:1   | Lost mutation: You are partially covered in slimy green scales. (AC +2) [potion of mutation]
 47318 | Lair:1   | Lost mutation: Your body sometimes deteriorates upon taking damage. [potion of mutation]
 47318 | Lair:1   | Lost mutation: You are clumsy. (Dex -2) [potion of mutation]
 47318 | Lair:1   | Lost mutation: Your system is resistant to poisons. (rPois) [potion of mutation]
 47318 | Lair:1   | Gained mutation: You have a pair of small horns on your head. [potion of mutation]
 47318 | Lair:1   | Gained mutation: Your flesh is heat resistant. (rF+) [potion of mutation]
 47458 | Vaults:1 | Entered Level 1 of the Vaults
 47511 | Vaults:1 | Reached XP level 16. HP: 73/73 MP: 25/32
 48699 | Vaults:1 | Reached skill level 15 in Unarmed Combat
 48755 | Vaults:1 | Gained mutation: You are frail. (-10% HP) [mutagenic glow]
 48781 | Vaults:1 | Gained mutation: You are weak. (Str -2) [mutagenic glow]
 48815 | Vaults:1 | Gained mutation: You are clumsy. (Dex -2) [mutagenic glow]
 48873 | Vaults:1 | Gained mutation: You are very weak. (Str -4) [mutagenic glow]
 49015 | Vaults:1 | Lost mutation: You are clumsy. (Dex -2) [potion of mutation]
 49015 | Vaults:1 | Lost mutation: You are very weak. (Str -4) [potion of mutation]
 49015 | Vaults:1 | Gained mutation: Your spells are a little harder to cast, but a little more powerful. [potion of mutation]
 49015 | Vaults:1 | Gained mutation: Your system is resistant to poisons. (rPois) [potion of mutation]
 50060 | Vaults:1 | Mangled by a vault warden

Skill      XL: |  1  2  3  4  5  6  7  8  9 10 11 12 13 14 15 16 |
---------------+-------------------------------------------------+-----
Stealth        | 3 4 6 7 9 10 11 12 13 14 | 14.9
Unarmed Combat | 4 5 6 7 9 10 11 12 13 15 | 15.5
Hexes          | 3 5 8 12 13 | 13.2
Dodging        | 5 7 6 8 10 13 15 | 15.4
Evocations     | 7 6 8 |  8.1
Fighting       | 5 4 6 7 8 9 10 | 10.5
Transmutations | 2 3 6 8 |  8.8
Spellcasting   | 1 2 4 6 7 8 12 | 12.2
Necromancy     | 2 |  2.8
Invocations    | 4 6 7 8 10 | 10.1
Charms         | 2 3 |  3.4
Ice Magic      | 1 |  1.3
Translocations | 2 9 11 | 11.3
Conjurations   | 2 |  2.3

Action                   |  1- 3 |  4- 6 |  7- 9 | 10-12 | 13-15 | 16-18 || total
-------------------------+-------+-------+-------+-------+-------+-------++-------
Melee: Unarmed           |   118 |    88 |   436 |   730 |  1506 |   909 ||  3787
       Bite              |     9 |    10 |    43 |    70 |   135 |    99 ||   366
       Punch             |       |     2 |    18 |    48 |    78 |    60 ||   206
       Headbutt          |       |       |       |       |     2 |    47 ||    49
 Cast: Confusing Touch   |       |    12 |    93 |   136 |   172 |    90 ||   503
       Animate Skeleton  |       |     4 |    35 |    80 |   121 |    43 ||   283
       Regeneration      |       |       |       |    49 |    84 |    68 ||   201
       Ice Form          |       |       |       |    11 |       |       ||    11
       Apportation       |       |       |       |     2 |    20 |    33 ||    55
       Blade Hands       |       |       |       |     6 |    18 |     1 ||    25
       Invisibility      |       |       |       |       |    62 |    52 ||   114
       Sticks to Snakes  |       |       |       |       |     2 |    10 ||    12
       Dazzling Spray    |       |       |       |       |    14 |     8 ||    22
       Passwall          |       |       |       |       |     5 |    11 ||    16
       Passage of Golubr |       |       |       |       |       |     3 ||     3
       Blink             |       |       |       |       |       |     1 ||     1
Invok: Grand Finale      |       |       |       |       |     1 |       ||     1
 Abil: End Transformatio |       |       |       |     7 |    14 |     1 ||    22
Evoke: Wand              |       |       |     9 |    13 |    21 |    17 ||    60
  Use: Scroll            |     6 |     4 |     8 |    11 |    22 |    12 ||    63
       Potion            |     1 |     2 |       |     9 |    10 |    20 ||    42
 Stab: Sleeping          |    10 |    13 |    18 |    18 |   102 |    71 ||   232
       Confused          |       |     6 |    57 |    82 |    99 |    54 ||   298
       Paralysed         |       |       |     4 |    38 |    93 |    58 ||   193
       Distracted        |       |       |     1 |     6 |     3 |     1 ||    11
       Invisible         |       |       |       |       |   125 |   109 ||   234
  Eat: Chunk             |    10 |     4 |    28 |    26 |    74 |    46 ||   188
       Royal jelly       |       |       |       |       |     1 |     3 ||     4
Armor: Skin              |     8 |       |     7 |    96 |    24 |    12 ||   147
Dodge: Dodged            |    85 |    37 |   186 |   491 |  1209 |   768 ||  2776
